 Dungeon Crawl Stone Soup version 0.28-a0-1624-g820543e53a (webtiles) character file.

Game seed: 13476990749568816864

1193 dracfodder the Geomancer (level 8, -1/42 HPs)
             Began as a Gargoyle Earth Elementalist on Jan 23, 2022.
             Killed by divine providence
             ... invoked by an orc priest
              (12 damage)
             ... on level 7 of the Dungeon.
             The game lasted 00:42:08 (6052 turns).

dracfodder the Geomancer (GrEE)                     Turns: 6052, Time: 00:42:09

Health: -1/42      AC: 12    Str: 14    XL:     8   Next: 43%
Magic:  13/16      EV: 12    Int: 18    God:
Gold:   228        SH:  0    Dex: 14    Spells: 8/18 levels left

rFire   . . .      SeeInvis .   b - +1 hunting sling
rCold   . . .      Faith    .   (no shield)
rNeg    + . .      Spirit   .   o - +1 robe of Hepliaklqana {Str+2 Dex+4}
rPois   ∞          Reflect  .   t - +2 helmet
rElec   +          Harm     .   (no cloak)
rCorr   .          Rampage  .   (no gloves)
Will    .....                   u - +0 pair of boots
Stlth   ++........              y - amulet of regeneration
HPRegen 0.94/turn               (no ring)
MPRegen 0.15/turn               (no ring)

@: no status effects
A: sickness immunity, AC +5, negative energy resistance 1, electricity
resistance, torment resistance 1, petrification resistance
a: no special abilities


You were on level 7 of the Dungeon.
You visited 1 branch of the dungeon, and saw 7 of its levels.

You collected 238 gold pieces.
You spent 10 gold pieces at shops.

Inventory:

Hand Weapons
 a - a +0 club
 b - a +1 hunting sling (weapon)
Missiles
 c - 89 stones
 d - 39 sling bullets (quivered ammo)
 h - 36 bolts
 i - 6 boomerangs
 n - 49 arrows
 s - 2 atropa-tipped darts
 v - a curare-tipped dart
 w - 2 poisoned darts
Armour
 o - the +1 robe of Hepliaklqana (worn) {Str+2 Dex+4}
   (You found it on level 2 of the Dungeon)

   Str:       It affects your strength (+2).
   Dex:       It affects your dexterity (+4).
 t - a +2 helmet (worn)
 u - a +0 pair of boots (worn)
Jewellery
 y - an amulet of regeneration (around neck)
Wands
 f - a wand of flame (26)
 g - a wand of paralysis (3)
Scrolls
 e - a scroll of teleportation
 j - 2 scrolls of summoning
 x - a scroll of amnesia {unknown}
 z - a scroll of silence
Potions
 k - 4 potions of curing
 l - a potion of heal wounds
 m - a potion of ambrosia
 p - a potion of berserk rage
 q - a potion of attraction {unknown}
 r - a potion of might {unknown}


   Skills:
 + Level 0.5 Fighting
 + Level 1.8 Maces & Flails
 + Level 1.1 Slings
 + Level 1.8 Dodging
 + Level 2.4 Stealth
 * Level 5.6 Spellcasting
 * Level 3.3 Conjurations
 + Level 0.7 Transmutations
 * Level 8.4 Earth Magic


You had 8 spell levels left.
You knew the following spells:

 Your Spells              Type           Power      Damage    Failure   Level
a - Sandblast             Erth           70%        2d15      1%          1
b - Passwall              Tmut/Erth      17%        N/A       2%          2
c - Stone Arrow           Conj/Erth      52%        3d10      3%          3
d - Petrify               Tmut/Erth      21%        N/A       19%         4

Your spell library contained the following spells:

 Spells                   Type           Power      Damage    Failure   Level
 Animate Skeleton         Necr           10%        N/A       12%         1
 Apportation              Tloc           10%        N/A       12%         1
 Summon Small Mammal      Summ           20%        N/A       12%         1


Dungeon Overview and Level Annotations

Branches:
Dungeon (7/15)
 Temple: D:4-7

Altars:
Vehumet

Shops:
D:1 [[!


Innate Abilities, Weirdness & Mutations

You are immune to sickness and miasma.
Your stone body is resilient. (AC +5)
You are immune to poison.
You resist negative energy. (rN+)
You are resistant to electric shocks. (rElec)
You are resistant to unholy torment.
You are immune to petrification.


Message History

You start resting.
HP restored.
You start resting.
Magic restored.
You climb downwards.
The orc priest shouts!
The orc wizard shouts!
The orc priest shouts!
You hear a shout!
Found 12 gold pieces and a scroll of identify.
Found a stone staircase leading up.
There is a stone staircase leading up here.
You climb upwards.
There is a stone staircase leading down here.
There is a stone staircase leading down, spattered with blood here.
You see here a water moccasin corpse.
You climb downwards.
The orc shouts!
The orc wizard shouts!
You hear a shout!
An orc comes into view. It is wielding a +0 war axe.
The orc wizard gestures at you while chanting.
The magic dart hits you.
The orc wizard points at you and mumbles some strange words.
The puff of flame misses you.
The puff of flame hits the orc!
The orc dies!
The orc priest looks satisfied for a moment.
Found a +0 dagger.
There is a stone staircase leading up here.
Aiming: Stone Arrow (dangerous; 3% risk of failure)
Press: ? - help, Q - select action, (/) - cycle Shift-Dir - straight line, f - orc priest
Aim: an orc priest, wielding a +2 flail of pain (71% to hit)
The stone arrow misses the orc priest.
The orc shouts!
The orc priest mumbles some strange prayers to Beogh against you.
Beogh smites you! The orc wizard casts a spell at you.
The puff of flame hits you!
The orc priest calls down the wrath of Beogh upon you.
Pain shoots through your body!
* * * LOW HITPOINT WARNING * * *
An orc comes into view. It is wielding a +0 club.
The orc priest mumbles some strange prayers to Beogh against you.
Beogh smites you!
You die...

#. #.#######.##
##..........####
##.....<........#
#..o....$...<...#
##......?.........#
#.......#.#.#.....#
#...............##
#.@...#.#.#...##
#.......o....##
...oooo#.#.#.##
................
#.###.o....... #.
##o.###### . #..#
#.o#


You could see 3 orc priests, 2 orc wizards and 4 orcs.

Vanquished Creatures
  Sigmund (D:4)
  A water moccasin (D:6)
  A necrophage (D:5)
  An ogre (D:4)
  A kobold brigand (D:5)
  A wyvern skeleton (D:5)
  A centaur zombie (D:5)
  A jelly (D:4)
  3 orc priests
  A centaur skeleton (D:5)
  A gnoll shaman (D:5)
  3 bullfrog zombies (D:5)
  Jessica (D:3)
  An orc wizard (D:4)
  An iguana (D:5)
  A hound skeleton (D:5)
  9 gnolls
  3 adders
  A white imp (D:4)
  2 adder skeletons (D:4)
  A worm (D:2)
  3 dart slugs
  16 orcs
  5 endoplasms
  2 giant cockroaches
  11 goblins
  3 hobgoblins
  3 quokkas (D:1)
  4 ball pythons
  3 bats (D:1)
  10 frilled lizards
  12 kobolds
  5 rats
113 creatures vanquished.

Vanquished Creatures (collateral kills)
  An adder (D:2)
  A rat (D:2)
2 creatures vanquished.

Vanquished Creatures (others)
  An orc (D:7)
  9 plants (D:5)
10 creatures vanquished.

Grand Total: 125 creatures vanquished

Notes
Turn   | Place    | Note
-------+----------+-------------------------------------------
     0 | D:1      | dracfodder the Gargoyle Earth Elementalist began the quest
                  | for the Orb.
     0 | D:1      | Reached XP level 1. HP: 10/10 MP: 3/3
   181 | D:1      | Reached XP level 2. HP: 15/15 MP: 3/5
   392 | D:1      | Found Haimedd's Antique Armour Shoppe.
   394 | D:1      | Found Duhiopo's Antique Armour Shoppe.
   419 | D:1      | Reached skill level 4 in Earth Magic
   533 | D:1      | Learned a level 2 spell: Passwall
   550 | D:1      | Reached XP level 3. HP: 19/19 MP: 4/6
   554 | D:1      | Learned a level 3 spell: Stone Arrow
   574 | D:1      | Found Ditig's Distillery.
   579 | D:1      | Bought a potion of degeneration for 10 gold pieces
   734 | D:1      | Reached skill level 1 in Conjurations
  1277 | D:2      | Reached XP level 4. HP: 24/24 MP: 6/8
  1709 | D:2      | Found a radiant altar of Vehumet.
  1713 | D:2      | Identified the +1 robe of Hepliaklqana {Str+2 Dex+4}
  2463 | D:3      | Noticed Jessica
  2465 | D:3      | Reached XP level 5. HP: 28/28 MP: 6/10
  2472 | D:3      | Reached skill level 5 in Earth Magic
  2490 | D:3      | Killed Jessica
  3063 | D:5      | Entered Level 5 of the Dungeon
  3092 | D:4      | Learned a level 4 spell: Petrify
  3311 | D:4      | Reached XP level 6. HP: 32/32 MP: 9/12
  3413 | D:4      | Reached skill level 6 in Earth Magic
  4122 | D:4      | Noticed Sigmund
  4139 | D:4      | Killed Sigmund
  4140 | D:4      | Reached skill level 1 in Maces & Flails
  4140 | D:4      | Reached XP level 7. HP: 28/36 MP: 2/14
  4519 | D:5      | Reached skill level 7 in Earth Magic
  5010 | D:5      | Reached skill level 5 in Spellcasting
  5010 | D:5      | Reached XP level 8. HP: 41/41 MP: 8/15
  5179 | D:5      | Reached skill level 8 in Earth Magic
  5968 | D:6      | Reached skill level 1 in Slings
  6052 | D:7      | Killed from afar by an orc priest

Illustrated notes

Levels and vault maps discovered:
D:1:      lightli_iron_boxes, layout_basic, serial_shops, shop,
          nicolae_shop_stone, nicolae_shop_overgrown_old_shop
D:2:      layout_basic, basic_altar, minmay_misc_feat_tiny
D:3:      layout_loops_ring, uniq_jessica
D:4:      layout_rooms, uniq_sigmund
D:5:      layout_loops_ring, hangedman_decor_opposing, minmay_lizard_king
D:6:      layout_rooms, sigmund_army
D:7:      layout_cave_pods, minmay_temple_entry_sparse_star, serial_glass,
          glass_columns_b, glass_columns_b, due_unseen_surprise,
          item_on_display_a, gammafunk_ghost_cemetery, uniq_pikel, uniq_maggie

Skill      XL: |  1  2  3  4  5  6  7  8 |
---------------+-------------------------+-----
Earth Magic    | 4 5 6 7 8 |  8.4
Conjurations   | 1 2 3 |  3.3
Spellcasting   | 3 4 5 |  5.6
Maces & Flails | 1 |  1.8
Slings         | 1 |  1.1
Fighting       | |  0.5
Dodging        | |  1.8
Stealth        | |  2.4
Transmutations | |  0.7

Action                   |  1- 3 |  4- 6 |  7- 9 || total
-------------------------+-------+-------+-------++-------
Melee: Club              |       |    29 |       ||    29
 Fire: Hunting sling     |       |       |    26 ||    26
Throw: Stone             |     1 |       |       ||     1
 Cast: Sandblast         |    40 |    72 |    12 ||   124
       Stone Arrow       |       |    16 |    42 ||    58
  Use: Scroll            |     4 |     4 |     6 ||    14
       Potion            |       |     3 |     1 ||     4
Armor: Robe              |     1 |     9 |     5 ||    15
       Skin              |       |    18 |       ||    18
Dodge: Dodged            |     8 |    11 |     4 ||    23

Table legend: (Time is in decaauts)
 A = Elapsed time spent in this place.
 B = Non-inter-level travel time spent in this place.
 C = Inter-level travel time spent in this place.
 D = Time resting spent in this place.
 E = Time spent auto-exploring this place.
 F = Levels seen in this place.
 G = Mean time per level.
                   A        B        C        D        E       F      G
               +--------+--------+--------+--------+--------+-----+--------+
         Total |   6056 |   5906 |    150 |   1882 |   2832 |   7 |  865.1 |
       Dungeon |   6056 |   5906 |    150 |   1882 |   2832 |   7 |  865.1 |
               +--------+--------+--------+--------+--------+-----+--------+

Top non-repeatable levels by time:
     D:5: 1570 daAuts
     D:4: 1351 daAuts
     D:1: 1190 daAuts
     D:2: 1010 daAuts
     D:3: 833 daAuts
     D:6: 96 daAuts
     D:7: 4 daAuts
